 Dungeon Crawl Stone Soup version 0.17.1-1-g73c8601 (webtiles) character file.

5569 Peloso the Blocker (level 10, -1/88 HPs)
             Began as a Minotaur Fighter on Dec 27, 2015.
             Was an Elder of Okawaru.
             Slain by a slime creature (10 damage)
             ... on level 10 of the Dungeon.
             The game lasted 00:27:02 (8909 turns).

Peloso the Blocker (Minotaur Fighter)               Turns: 8909, Time: 00:27:02

Health: -1/88      AC: 17    Str: 29    XL:     10   Next: 44%
Magic:  9/9        EV:  9    Int:  5    God:    Okawaru [****..]
Gold:   483        SH: 13    Dex: 11    Spells: 0 memorised, 9 levels left

rFire  . . .     SeeInvis .     a - +0 long sword
rCold  . . .     Clarity  .     K - +0 plate armour
rNeg   . . .     SustAt   .     c - +0 shield
rPois  .         Gourm    .     (helmet restricted)
rElec  .         Spirit   .     i - +0 cloak
rCorr  .         Warding  .     (no gloves)
rMut   .         Stasis   .     x - +0 pair of boots
MR     +....                    (no amulet)
Stlth  ..........               J - ring of protection from magic
                                m - +6 ring of strength

@: somewhat resistant to hostile enchantments, extremely unstealthy
A: retaliatory headbutt, horns 2
a: Heroism, Renounce Religion


You were on level 10 of the Dungeon.
You worshipped Okawaru.
Okawaru was greatly pleased with you.
You were not hungry.

You visited 2 branches of the dungeon, and saw 11 of its levels.
You also visited: Ossuary.

You collected 483 gold pieces.

Inventory:

Hand Weapons
 a - a +0 long sword (weapon)
 E - the +9 blowgun of Yxkon {evade, rN++ Int+7 Dex-5}
   (You took it off a gnoll on level 6 of the Dungeon)

   It affects your evasion (+5 to EV).
   It affects your intelligence (+7).
   It affects your dexterity (-5).
   It greatly protects you from negative energy.
Armour
 c - a +0 shield (worn)
 i - a +0 cloak (worn)
 x - a +0 pair of boots (worn)
 D - a +0 chain mail
 K - a +0 plate armour (worn)
Jewellery
 l - an uncursed ring of see invisible
 m - a +6 ring of strength (left hand)
 n - an uncursed ring of poison resistance
 o - an uncursed ring of protection from fire
 C - an uncursed ring of ice
 J - a ring of protection from magic (right hand)
Wands
 f - a wand of frost (21)
 g - a wand of flame (20)
 p - a wand of polymorph (11)
 t - a wand of slowing (31)
 y - a wand of draining (15)
 B - a wand of draining (11)
Scrolls
 h - 6 scrolls of teleportation
 j - 6 scrolls of identify
 k - 4 scrolls of magic mapping
 q - a scroll of fog
 z - 2 scrolls of remove curse
Potions
 d - 3 potions of might
 r - a potion of berserk rage
 s - a potion of curing
 A - 2 potions of agility
 G - 2 potions of brilliance
Books
 v - a book of Dreams

   Spells                             Type                      Level
   a - Ensorcelled Hibernation        Hexes/Ice                    2
   b - Phase Shift                    Translocation                5
   c - Shadow Creatures               Summoning                    5
   d - Silence                        Hexes/Air                    5
   e - Darkness                       Hexes                        6
   f - Mass Confusion                 Hexes                        6
Comestibles
 b - 11 royal jellies
 e - 10 bread rations
 u - a chunk of flesh
 w - 3 meat rations
 F - a beef jerky


   Skills:
 + Level 7.9 Fighting
 + Level 9.0 Long Blades
 + Level 9.3 Armour
 + Level 6.9 Dodging
 + Level 0.8 Stealth
 + Level 10.2 Shields
 + Level 0.1 Evocations


You had 9 spell levels left.
You didn't know any spells.

Dungeon Overview and Level Annotations

Branches:
Dungeon (10/15)            Temple (1/1) D:4            Lair (0/8) D:8
    Orc: D:9-12

Altars:
Ashenzari
Cheibriados
Dithmenos
Elyvilon
Fedhas
Gozag
Kikubaaqudgha
Makhleb
Nemelex Xobeh
Okawaru
Qazlal
Ru
Sif Muna
Trog
Vehumet
Xom
Yredelemnul
Zin
The Shining One


Innate Abilities, Weirdness & Mutations

You reflexively headbutt those who attack you in melee.
You have a pair of horns on your head.


Message History

You hit the slime creature.
The slime creature is lightly wounded.
The slime creature hits you but does no damage.
Unknown command.
You slash the slime creature!
The slime creature is moderately wounded.
You block the slime creature's attack.
Unknown command.
Your plate armour prevents you from hitting the slime creature.
The slime creature is lightly wounded.
The slime creature hits you but does no damage.
Unknown command.
You hit the slime creature.
The slime creature is moderately wounded.
The slime creature hits you!
* * * LOW HITPOINT WARNING * * *
Unknown command.
Drink which item? (? for menu, Esc to quit)
You feel better. The slime creature hits you!
You die...

#.##....#..#
#.##....#..#
#.......#.##
#.##........
#.#..>....##
#<....#.###
##.....#.#
##?#.......#
#@##.......#
#J###.....###
#$# #.......
## #........
#.#..#.#.


You could see a slime creature.

Vanquished Creatures
  A hill giant (D:9)
  The ghost of Clownie the Blocker, a novice FoFi (D:5)
  A hungry ghost (D:9)
  An ice beast (D:8)
  A necrophage (D:7)
  5 ogres
  A phantom (D:9)
  2 black bears (D:8)
  An orc warrior (D:9)
  5 centaurs
  2 crocodiles
  6 giant frogs
  A gnoll sergeant (D:8)
  3 scorpions
  13 killer bees
  8 wights (D:8)
  2 crimson imps
  6 centaur zombies
  5 hounds
  A human zombie (Ossuary)
  An orc priest (D:8)
  A quasit (D:10)
  4 jellies (D:8)
  An iguana (D:4)
  7 worker ants
  Jessica (D:2)
  11 orc wizards
  A big kobold zombie (Ossuary)
  2 hound zombies (Ossuary)
  A hound skeleton (D:7)
  2 worker ant zombies
  10 gnolls
  4 mummies
  14 adders
  A shadow imp (D:9)
  7 oozes
  5 adder zombies (Ossuary)
  3 worms
  30 orcs
  A ball python (D:2)
  8 giant cockroaches
  8 hobgoblins
  13 jackals
  2 kobolds
  4 quokkas
  9 bats
  11 giant geckos
  A giant gecko zombie (D:3)
  8 giant newts
  2 gnoll zombies (Ossuary)
  11 goblins
  3 goblin zombies (Ossuary)
  4 hobgoblin zombies (Ossuary)
  2 jackal zombies (Ossuary)
  4 kobold zombies (Ossuary)
  An orc zombie (Ossuary)
  2 quokka zombies (Ossuary)
  6 rats
  4 rat zombies (Ossuary)
276 creatures vanquished.

Vanquished Creatures (collateral kills)
  A gnoll (D:6)
1 creature vanquished.

Vanquished Creatures (others)
  9 plants (D:8)
9 creatures vanquished.

Grand Total: 286 creatures vanquished

Notes
Turn   | Place    | Note
--------------------------------------------------------------
     0 | D:1      | Peloso the Minotaur Fighter began the quest for the Orb.
     0 | D:1      | Reached XP level 1. HP: 19/19 MP: 0/0
    92 | D:1      | Reached skill level 4 in Shields
    92 | D:1      | Reached XP level 2. HP: 25/27 MP: 1/1
   563 | D:1      | Reached XP level 3. HP: 33/33 MP: 2/2
   645 | D:2      | Noticed Jessica
   653 | D:2      | Killed Jessica
   653 | D:2      | Reached XP level 4. HP: 18/40 MP: 3/3
   914 | D:2      | Reached skill level 1 in Dodging
  1127 | D:2      | Reached XP level 5. HP: 36/46 MP: 4/4
  1620 | D:3      | Reached skill level 5 in Shields
  1693 | D:3      | Found a shimmering altar of Xom.
  1897 | D:3      | Noticed an ogre
  1911 | D:3      | Killed an ogre
  1911 | D:3      | Reached XP level 6. HP: 51/53 MP: 5/5
  2459 | D:4      | Reached skill level 5 in Armour
  2486 | D:4      | Found a radiant altar of Vehumet.
  2971 | D:4      | Found a glowing silver altar of Zin.
  2971 | D:4      | Found a sparkling altar of Nemelex Xobeh.
  3033 | D:4      | Found a staircase to the Ecumenical Temple.
  3039 | Temple   | Entered the Ecumenical Temple
  3445 | D:5      | Entered Level 5 of the Dungeon
  3518 | D:5      | Reached skill level 5 in Fighting
  3518 | D:5      | Reached XP level 7. HP: 45/61 MP: 6/6
  3576 | D:5      | Found a sand-covered staircase.
  3582 | Ossuary  | Entered an ossuary
  3624 | Ossuary  | Reached skill level 6 in Shields
  3636 | Ossuary  | Reached skill level 5 in Long Blades
  4305 | D:5      | Found an iron altar of Okawaru.
  4314 | D:5      | Became a worshipper of Warmaster Okawaru
  4359 | D:5      | Found a deep blue altar of Sif Muna.
  4463 | D:5      | Reached XP level 8. HP: 63/69 MP: 7/7
  4533 | D:5      | Noticed Clownie's ghost (novice FoFi)
  4550 | D:5      | Killed Clownie's ghost
  4550 | D:5      | Reached * piety under Okawaru
  4550 | D:5      | Reached skill level 5 in Dodging
  4550 | D:5      | Reached skill level 7 in Shields
  5155 | D:6      | Found a basalt altar of Yredelemnul.
  5487 | D:6      | Reached ** piety under Okawaru
  5698 | D:6      | Got a brightly glowing blowgun
  5699 | D:6      | Identified the +9 blowgun of Yxkon {evade, rN++ Int+7 Dex-5} (You took it off a gnoll on level 6 of the Dungeon)
  5822 | D:6      | Reached XP level 9. HP: 60/75 MP: 8/8
  5915 | D:7      | Reached skill level 8 in Shields
  6343 | D:7      | Found a burning altar of Makhleb.
  6449 | D:7      | Found a shadowy altar of Dithmenos.
  7032 | D:8      | Reached skill level 9 in Shields
  7071 | D:8      | Found a staircase to the Lair.
  7072 | D:8      | Noticed a komodo dragon
  7158 | D:8      | Reached *** piety under Okawaru
  7437 | D:8      | Found a stormy altar of Qazlal.
  7438 | D:8      | Found a sacrificial altar of Ru.
  7613 | D:8      | Found a snail-covered altar of Cheibriados.
  7660 | D:8      | Reached XP level 10. HP: 82/86 MP: 9/9
  8067 | D:9      | Reached **** piety under Okawaru
  8135 | D:9      | Noticed a hill giant
  8139 | D:9      | Killed a hill giant
  8139 | D:9      | Reached skill level 10 in Shields
  8518 | D:9      | Found a glowing golden altar of the Shining One.
  8727 | D:10     | Entered Level 10 of the Dungeon
  8898 | D:10     | HP: 1/88 [something (8)]
  8908 | D:10     | HP: 1/88 [slime creature (9)]
  8909 | D:10     | Slain by a slime creature

Action                   |  1- 3 |  4- 6 |  7- 9 | 10-12 || total
-------------------------+-------+-------+-------+-------++-------
Melee: Long sword        |    76 |   172 |   460 |   153 ||   861
Evoke: Wand              |       |       |       |     2 ||     2
  Use: Scroll            |       |     6 |     9 |     6 ||    21
       Potion            |       |       |       |     3 ||     3
 Stab: Paralysed         |       |       |     1 |       ||     1
  Eat: Chunk             |       |     8 |    13 |     6 ||    27
       Beef jerky        |       |       |     1 |       ||     1
